 Dungeon Crawl Stone Soup version 0.27-a0-1099-g7f87ac42b0 (webtiles) character file.

Game seed: 9131525378855705059

4834 Gaff the Thaumaturge (level 10, -4/72 HPs)
             Began as a Djinni Earth Elementalist on Apr 27, 2021.
             Was a High Priest of Cheibriados.
             Slain by a two-headed ogre
             ... wielding a +0 giant club
              (8 damage)
             ... on level 8 of the Dungeon on Apr 28, 2021.
             The game lasted 00:42:20 (12698 turns).

Gaff the Thaumaturge (Djinni Earth Elementalist)   Turns: 12698, Time: 00:42:21

Health: -4/72      AC: 12    Str: 27    XL:     10   Next: 49%
Gold:   172        EV: 12    Int: 32    God:    Cheibriados [*****.] SH:  0 Dex: 23

rFire    + + .     SeeInvis +   M - +4 falchion (freeze)
rCold    . . .     Faith    .   (no shield)
rNeg     . . .     Spirit   .   v - +2 ring mail {rC+}
rPois    ∞         Reflect  .   k - +1 helmet
rElec    .         Harm     .   Q - +0 cloak {Will+}
rCorr    +         Rampage  .   S - +1 pair of gloves {Stlth+}
Will     ++...                  (boots unavailable)
Stlth    +++.......             (no amulet)
HPRegen  0.22/turn              h - ring of see invisible
MPRegen  0.00/turn              e - ring "Akevi" {rCorr Str+6 Dex-4 Slay+2 SInv}

@: about to teleport, flying, very slow
A: fire resistance 2, cold vulnerability 1, float, innate caster, hp casting,
extra vitality 1
a: Renounce Religion, Bend Time, Temporal Distortion, Slouch, Step From Time


You were on level 8 of the Dungeon.
You worshipped Cheibriados.
Cheibriados was extremely pleased with you.
You visited 2 branches of the dungeon, and saw 10 of its levels.
You also visited: Sewer.

You collected 353 gold pieces.
You spent 181 gold pieces at shops.

Inventory:

Hand Weapons
 d - a +1 dagger of venom
 j - a +0 long sword
 t - a +0 antimagic flail
 B - a +2 dagger of pain
 F - a +1 short sword of venom
 J - a +3 flail
 M - a +4 falchion of freezing (weapon)
 V - a +0 fustibalus
 W - a +2 trident of flaming
Missiles
 b - 119 stones
 D - 14 boomerangs
 G - a curare-tipped dart
Armour
 c - a +0 robe
 k - a +1 helmet (worn)
 v - a +2 ring mail of cold resistance (worn)
 C - the +1 robe of Terror {+Blink rF- rC+ rN+ Int-3}
   (You found it on level 5 of the Dungeon)

   It affects your intelligence (-3).
   It makes you vulnerable to fire.
   It protects you from cold.
   It protects you from negative energy.
   It lets you blink.
 L - a +0 kite shield
 Q - a +0 cloak of willpower (worn)
 S - a +1 pair of gloves of stealth (worn)
 U - +0 acid dragon scales
 X - a +1 ring mail of cold resistance
Magical Staves
 o - a staff of air
Jewellery
 e - the ring "Akevi" (right hand) {rCorr Str+6 Dex-4 Slay+2 SInv}
   (You found it on level 4 of the Dungeon)

   [ring of see invisible]

   It affects your strength (+6).
   It affects your dexterity (-4).
   It affects your accuracy and damage with ranged weapons and melee attacks
   (+2).
   It lets you see invisible.
   It protects you from acid and corrosion.
 h - a ring of see invisible (left hand)
 z - a ring of poison resistance
Wands
 K - a wand of charming (5)
 P - a wand of polymorph (2)
Scrolls
 g - 2 scrolls of teleportation
 m - a scroll of blinking
 n - 3 scrolls of fear
 u - 2 scrolls of noise
 w - a scroll of enchant armour
 y - a scroll of amnesia
 A - a scroll of enchant weapon
 I - a scroll of silence
 O - a scroll of fog
 R - a scroll of immolation {unknown}
 T - a scroll of vulnerability
Potions
 a - a potion of heal wounds {unknown}
 f - 2 potions of curing {unknown}
 i - 2 potions of degeneration {unknown}
 l - a potion of lignification {unknown}
 p - 2 potions of flight
 q - a potion of cancellation
 r - 4 potions of might {unknown}
 s - a potion of invisibility {unknown}
 x - a potion of berserk rage {unknown}
 E - a potion of ambrosia {unknown}
 H - 5 potions of mutation {unknown}
 N - a potion of haste {unknown}


   Skills:
 + Level 6.1 Fighting
 - Level 2.2 Dodging
 - Level 1.6 Stealth
 + Level 3.3 Shields
 * Level 10.9 Spellcasting
 - Level 0.9 Invocations
 - Level 3.5 Evocations


You had 7 spell levels left.
You knew the following spells:

 Your Spells              Type           Power      Damage    Failure   Level
a - Sandblast             Erth           100%       2d20      1%          1
b - Passwall              Tmut/Erth      60%        N/A       1%          2
c - Stone Arrow           Conj/Erth      100%       3d13      1%          3
d - Petrify               Tmut/Erth      72%        N/A       1%          4
e - Lee's Rapid Deconstr  Erth           36%        3d19*     1%          5
f - Magic Dart            Conj           100%       1d8       1%          1
g - Corpse Rot            Necr/Air       N/A        N/A       1%          2
h - Ensorcelled Hibernat  Hex/Ice        100%       N/A       1%          2
i - Mephitic Cloud        Conj/Pois/Air  72%        N/A       1%          3
Your spell library was empty.

Dungeon Overview and Level Annotations

Branches:
Dungeon (9/15)             Temple (1/1) D:7           Sewer (visited)
   Lair: D:8-11         Orc: D:9-12

Altars:
Ashenzari
Cheibriados
Elyvilon
Fedhas
Gozag
Hepliaklqana
Kikubaaqudgha
Nemelex Xobeh
Qazlal
Ru
Sif Muna
Trog
Wu Jian
Xom
Yredelemnul
Zin
The Shining One
Beogh

Shops:
D:6 [   D:8 [

Annotations:
D:7 Prince Ribbit; thenerdymusicguy's ghost, novice MiBe


Innate Abilities, Weirdness & Mutations

You are immune to poison.
Your flesh is very heat resistant. (rF++)
You are vulnerable to cold. (rC-)
You float through the air rather than walking.
You learn spells naturally, not from books.
Your magical power is your life essence.
You have superior vitality. (+4 HP)


Message History

You cannot affect that.
Okay, then.
Casting: Lee's Rapid Deconstruction (dangerous; 1% risk of failure)
Confirm with . or Enter, or press ? or * to list all spells.
You don't know that spell.
Unknown command.
Things that are here:
a +0 whip; a +0 leather armour; a +0 club The two-headed ogre hits you with a +0 giant club!
The two-headed ogre closely misses you.
The orc wizard points at itself and mumbles some strange words.
The orc wizard flickers and vanishes for a moment.
The two-headed ogre hits you with a +0 giant club!
The two-headed ogre hits you with a +0 giant club.
* * * LOW HITPOINT WARNING * * *
The two-headed ogre misses you.
The two-headed ogre hits you with a +0 giant club.
* * * LOW HITPOINT WARNING * * *
There is a stone staircase leading up here.
The two-headed ogre misses you. The two-headed ogre barely misses you.
The orc wizard gestures at you while chanting.
The magic dart hits you but does no damage.
You fly upwards.
There is a stone staircase leading down here.
As you read the scroll of teleportation, it crumbles to dust.
You feel strangely unstable. The orc wizard closely misses you.
The two-headed ogre hits you with a +0 giant club!!
* * * LOW HITPOINT WARNING * * *
The two-headed ogre hits you with a +0 giant club.
* * * LOW HITPOINT WARNING * * *
Casting: Lee's Rapid Deconstruction (dangerous; 1% risk of failure)
Confirm with . or Enter, or press ? or * to list all spells.
Okay, then.
Okay, then.
The orc wizard misses you.
The orc wizard points at you and mumbles some strange words.
The magic dart hits you but does no damage.
The two-headed ogre closely misses you.
The two-headed ogre hits you with a +0 giant club!
You die...

###### #.###'#.............###)##
.....###.#.......##+#########....
.....#...#.......+...............
.....#...#.......#...............
.....#...#.......#...............
.....#...#.......#...............
.....#...#.......#...............
.....#...#.....oO#...............
.....#####......@#######..###....
.......[......#'####..#######....
..............#....+.............
..(...........#....#.............
..............#....#.............
..............'....#.............
..............######......##.....
#############......#......##.....
#......#########.....


You could see a two-headed ogre and an orc wizard (invisible).

Vanquished Creatures
  Pikel (D:7)
  A hornet (D:7)
  A shadow (D:9)
  4 yaks
  A steam dragon (D:7)
  An acid dragon (D:8)
  2 ice beasts (D:5)
  A hornet zombie (D:8)
  2 orc warriors (D:8)
  3 ogres
  3 necrophages
  2 centaurs
  2 lemures (D:7)
  A kobold brigand (D:6)
  A bullfrog (D:7)
  2 gnoll sergeants
  2 scorpions (D:6)
  A wyvern zombie (D:6)
  5 wights (D:7)
  6 killer bees
  3 electric eels (D:7)
  6 howler monkeys
  2 centaur zombies (D:9)
  A hound (D:4)
  4 orc priests
  Crazy Yiuf (D:7)
  A gnoll shaman (D:9)
  An iguana (D:5)
  7 orc wizards
  2 killer bee zombies (D:7)
  A hound skeleton (D:5)
  10 gnolls
  6 adders
  A white imp (D:8)
  An ufetubus (D:4)
  An adder skeleton (D:4)
  9 worms
  34 orcs
  9 ball pythons
  11 endoplasms
  3 giant cockroaches
  A goblin (D:2)
  7 hobgoblins
  7 jackals
  5 quokkas
  7 bats
  8 frilled lizards
  A jackal skeleton (D:4)
  10 kobolds
  2 rats (D:1)
204 creatures vanquished.

Vanquished Creatures (others)
  3 fungi (D:7)
  24 plants (D:7)
27 creatures vanquished.

Grand Total: 231 creatures vanquished

Notes
Turn   | Place    | Note
-------+----------+-------------------------------------------
     0 | D:1      | Gaff the Djinni Earth Elementalist began the quest for the
                  | Orb.
     0 | D:1      | Reached XP level 1. HP: 15/15 MP: 0/0
   153 | D:1      | Reached skill level 3 in Spellcasting
   193 | D:1      | Reached XP level 2. HP: 14/21 MP: 0/0
   633 | D:1      | Reached XP level 3. HP: 24/25 MP: 0/0
   633 | D:1      | Learned a level 1 spell: Magic Dart
  1399 | D:2      | Reached skill level 4 in Spellcasting
  1405 | D:2      | Reached XP level 4. HP: 17/31 MP: 0/0
  1604 | D:2      | Found a faded altar of an unknown god.
  1615 | D:2      | Became a worshipper of Cheibriados the Contemplative
  1615 | D:2      | Reached * piety under Cheibriados
  2586 | D:3      | Found a sacrificial altar of Ru.
  2855 | D:4      | Reached XP level 5. HP: 35/35 MP: 0/0
  2855 | D:4      | Learned a level 2 spell: Corpse Rot
  2895 | D:4      | Reached ** piety under Cheibriados
  2993 | D:4      | Identified the ring "Akevi" {rCorr Str+6 Dex-4 Slay+2 SInv}
  3109 | D:4      | Reached skill level 5 in Spellcasting
  3186 | D:4      | Found a glowing drain.
  3196 | Sewer    | Entered a sewer
  3967 | Sewer    | Reached XP level 6. HP: 37/40 MP: 0/0
  4125 | D:4      | Noticed a necrophage
  4132 | D:4      | Killed a necrophage
  4308 | D:4      | Reached *** piety under Cheibriados
  4320 | D:4      | HP: 2/40 [orc priest/divine providence (11)]
  4583 | D:4      | Reached skill level 6 in Spellcasting
  4789 | D:4      | Reached XP level 7. HP: 41/45 MP: 0/0
  4789 | D:4      | Learned a level 2 spell: Ensorcelled Hibernation
  5386 | D:5      | Entered Level 5 of the Dungeon
  5586 | D:5      | Reached skill level 7 in Spellcasting
  6046 | D:5      | Reached skill level 8 in Spellcasting
  6046 | D:5      | Reached XP level 8. HP: 43/50 MP: 0/0
  6233 | D:5      | Identified the +1 robe of Terror {+Blink rF- rC+ rN+ Int-3}
  7099 | D:6      | Reached skill level 1 in Fighting
  7218 | D:6      | Found a glowing silver altar of Zin.
  7259 | D:6      | Reached skill level 1 in Evocations
  7339 | D:6      | Found Ynyrph's Armour Shoppe.
  7351 | D:6      | Reached **** piety under Cheibriados
  7523 | D:6      | Found a blossoming altar of Fedhas.
  8389 | D:7      | Noticed Pikel
  8405 | D:7      | Killed Pikel
  8406 | D:7      | Reached skill level 9 in Spellcasting
  8406 | D:7      | Reached XP level 9. HP: 28/62 MP: 0/0
  8406 | D:7      | Learned a level 3 spell: Mephitic Cloud
  9365 | D:7      | Noticed Prince Ribbit
  9705 | D:7      | Noticed a hornet
  9713 | D:7      | Killed a hornet
  9714 | D:7      | Reached skill level 10 in Spellcasting
 10078 | D:7      | Reached ***** piety under Cheibriados
 10102 | D:7      | Found a staircase to the Ecumenical Temple.
 10111 | Temple   | Entered the Ecumenical Temple
 10621 | D:7      | Found a runed translucent door.
 10622 | D:7      | Noticed Crazy Yiuf
 10628 | D:7      | Killed Crazy Yiuf
 10679 | D:7      | Found a runed translucent gate.
 10679 | D:7      | Found a runed translucent gate.
 10679 | D:7      | Found a runed translucent gate.
 10682 | D:7      | Noticed thenerdymusicguy's ghost (novice MiBe)
 10761 | D:8      | Found Ecko Orgh's Armour Emporium.
 10772 | D:8      | Reached skill level 5 in Fighting
 10972 | D:8      | Bought a +1 pair of gloves of stealth for 181 gold pieces
 10981 | D:8      | Reached skill level 1 in Shields
 11037 | D:8      | Reached XP level 10. HP: 56/70 MP: 0/0
 12675 | D:9      | Noticed a two-headed ogre
 12697 | D:8      | HP: 3/72 [two-headed ogre/+0 giant club (5)]
 12698 | D:8      | Slain by a two-headed ogre

Illustrated notes

Levels and vault maps discovered:
D:1:      nzn_arrival_crosshair, layout_rooms, palyth_stone_intersect,
          amcnicky_mini_rare_corridor_liquid, minmay_unequal
D:2:      layout_basic, chequers_ecumenical_altar_simple
D:3:      layout_loops_corners, lemuel_doored_altar
D:4:      layout_basic, cheibrodos_sewer_entry_bend, minmay_checkerbox
D:5:      layout_loops_corners
D:6:      layout_gridville, nicolae_overflow_crystal_walls, old_standard_altar,
          serial_shops, shop
D:7:      layout_loops_corners, lemuel_temple_firewalk_a,
          biasface_ghost_orc_armoury, minmay_misc_feat_cross,
          serial_bayou_lake_a, uniq_crazy_yiuf_cottage, uniq_joseph,
          uniq_prince_ribbit1, uniq_pikel
D:8:      layout_gridville, serial_shops, shop, st_stairs_8
D:9:      layout_basic, nicolae_uskayaw_dance_studio,
          nicolae_dithmenos_the_darkroom,
          chequers_temple_overflow_statue_of_worship, lair_entry_dummy,
          billiards_dpeg
Temple:   eino_temple_water

Skill      XL: |  1  2  3  4  5  6  7  8  9 10 |
---------------+-------------------------------+-----
Spellcasting   | 3 4 5 6 8 9 10 | 10.9
Fighting       | 3 5 6 |  6.1
Evocations     | 3 |  3.5
Shields        | 1 3 |  3.3
Dodging        | |  2.2
Stealth        | |  1.6
Invocations    | |  0.9

Action                   |  1- 3 |  4- 6 |  7- 9 | 10-12 || total
-------------------------+-------+-------+-------+-------++-------
Melee: Unarmed           |     1 |       |       |       ||     1
       Dagger            |    17 |    47 |    21 |       ||    85
       Flail             |       |       |     5 |       ||     5
       Falchion          |       |       |    12 |    19 ||    31
 Cast: Sandblast         |    17 |    11 |    26 |       ||    54
       Magic Dart        |    28 |   113 |    96 |    14 ||   251
       Stone Arrow       |       |       |    16 |     1 ||    17
       Corpse Rot        |       |       |     2 |       ||     2
       Lee's Rapid Decon |       |       |    32 |    24 ||    56
       Petrify           |       |       |       |     6 ||     6
Invok: Bend Time         |       |     1 |       |       ||     1
  Use: Scroll            |       |     5 |     8 |     2 ||    15
       Potion            |       |     1 |       |       ||     1
 Stab: Sleeping          |     1 |     1 |     1 |       ||     3
Armor: Robe              |     5 |    11 |     8 |       ||    24
       Ring mail         |       |       |     9 |    13 ||    22
Dodge: Dodged            |    28 |    40 |    46 |    33 ||   147
       Rpst.: Falchion   |       |       |     3 |     8 ||    11

Table legend: (Time is in decaauts)
 A = Elapsed time spent in this place.
 B = Non-inter-level travel time spent in this place.
 C = Inter-level travel time spent in this place.
 D = Time resting spent in this place.
 E = Time spent auto-exploring this place.
 F = Levels seen in this place.
 G = Mean time per level.
                   A        B        C        D        E       F      G
               +--------+--------+--------+--------+--------+-----+--------+
         Total |  16300 |  15729 |    571 |   5055 |   6965 |  11 | 1481.8 |
       Dungeon |  14445 |  13923 |    522 |   4618 |   6202 |   9 | 1605.0 |
        Temple |    813 |    765 |     48 |      0 |    763 |   1 |  813.0 |
         Sewer |   1040 |   1040 |      0 |    437 |      0 |   1 | 1040.0 |
               +--------+--------+--------+--------+--------+-----+--------+

Top non-repeatable levels by time:
     D:7: 2559 daAuts
     D:4: 2228 daAuts
     D:8: 2067 daAuts
     D:5: 1935 daAuts
     D:6: 1860 daAuts
     D:3: 1147 daAuts
     D:2: 1128 daAuts
   Sewer: 1040 daAuts
     D:1: 909 daAuts
  Temple: 813 daAuts
     D:9: 609 daAuts
